 Dungeon Crawl Stone Soup version 0.22-a0-271-gc000056a37 (webtiles) character file.

3698 Manul the Covert (level 10, -1/51 HPs)
             Began as a Vine Stalker Assassin on Mar 11, 2018.
             Was an Initiate of Gozag.
             Slain by a two-headed ogre
             ... wielding a +0 giant club
              (19 damage)
             ... on level 8 of the Dungeon.
             The game lasted 00:11:26 (7584 turns).

Manul the Covert (Vine Stalker Assassin)            Turns: 7584, Time: 00:11:27

Health: -1/51      AC: 11    Str: 22    XL:     10   Next: 13%
Magic:  0/12       EV: 13    Int:  7    God:    Gozag
Gold:   472        SH:  0    Dex: 17    Spells: 9/9 levels left

rFire    . . .     SeeInvis .   K - +1 dagger (venom)
rCold    . . .     Gourm    .   (no shield)
rNeg     . . .     Faith    .   G - +2 ring mail of Araon {rPois rCorr Str+2 Int-4}
rPois    +         Spirit   +   (no helmet)
rElec    .         Reflect  .   d - +0 cloak
rCorr    +         Harm     .   H - +0 pair of gloves
MR       +....                  c - +0 pair of boots
Stlth    +++++.....             j - amulet of rage
HPRegen  0.57/turn              h - ring of poison resistance
MPRegen  0.13/turn              v - +4 ring of strength

@: no status effects
A: fangs 3, regeneration 1, magic shield, antimagic bite, no potion heal 3, rot
immunity
a: Potion Petition, Call Merchant, Bribe Branch, Renounce Religion, Evoke
Berserk Rage


You were on level 8 of the Dungeon.
You worshipped Gozag.
Gozag was aware of your devotion.
You were not hungry.

You visited 2 branches of the dungeon, and saw 9 of its levels.

You collected 614 gold pieces.
You paid 142 gold pieces to Gozag.

Inventory:

Hand Weapons
 b - a +0 blowgun
 w - a +0 mace of crushing
 K - a +1 dagger of venom (weapon)
Missiles
 e - 7 poisoned needles
 f - 7 curare-tipped needles
 z - 7 needles of sleeping
Armour
 c - a +0 pair of boots (worn)
 d - a +0 cloak (worn)
 l - a +0 pair of boots
 G - the +2 ring mail of Araon (worn) {rPois rCorr Str+2 Int-4}
   (You found it on level 5 of the Dungeon)

   It affects your strength (+2).
   It affects your intelligence (-4).
   It protects you from poison.
   It protects you from acid and corrosion.
 H - a +0 pair of gloves (worn)
Jewellery
 h - a ring of poison resistance (left hand)
 j - an amulet of rage (around neck)
 v - a +4 ring of strength (right hand)
 y - a cursed amulet of inaccuracy {unknown}
Wands
 A - a wand of iceblast (12)
 L - a wand of acid (11)
Scrolls
 a - a scroll of holy word {unknown}
 k - 2 scrolls of fear {unknown}
 m - 8 scrolls of identify
 o - a scroll of enchant armour {unknown}
 p - a scroll of teleportation
 q - 2 scrolls of magic mapping {unknown}
 r - 3 scrolls of immolation {unknown}
 t - a scroll of blinking {unknown}
 x - 3 scrolls of remove curse
 C - a scroll of amnesia {unknown}
 D - 2 scrolls of noise {unknown}
 F - 2 scrolls of fog {unknown}
 I - a scroll of enchant weapon {unknown}
Potions
 i - a potion of lignification {unknown}
 n - a potion of flight {unknown}
 s - 2 potions of resistance
 u - a potion of degeneration {unknown}
 B - a potion of berserk rage {unknown}
 E - a potion of might
 J - a potion of magic {unknown}
Comestibles
 g - 11 rations


   Skills:
 + Level 4.4 Fighting
 + Level 5.5 Short Blades
 - Level 0.1 Maces & Flails
 - Level 1.8 Throwing
 + Level 4.6 Armour
 + Level 3.6 Dodging
 * Level 12.8 Stealth
 + Level 1.7 Evocations


You had 9 spell levels left.
You didn't know any spells.

Dungeon Overview and Level Annotations

Branches:
Dungeon (8/15)             Temple (1/1) D:7
   Lair: D:8-11

Altars:
Cheibriados
Dithmenos
Elyvilon
Gozag
Hepliaklqana
Kikubaaqudgha
Makhleb
Nemelex Xobeh
Okawaru
Qazlal
Ru
Trog
Uskayaw
Vehumet
Xom
Yredelemnul
Zin
The Shining One

Annotations:
D:8 mora's ghost, novice GnSk


Innate Abilities, Weirdness & Mutations

You have razor-sharp teeth.
Your natural rate of healing is unusually fast.
When hurt, damage is shared between your health and your magic reserves.
Your bite disrupts and absorbs the magic of your enemies.
Potions cannot restore your health.
You are immune to rotting.


Message History

The two-headed ogre hits you with a giant club!!
You are too injured to fight recklessly!
You are too injured to fight recklessly!
You are too injured to fight recklessly!
You are too injured to fight recklessly!
You are too injured to fight recklessly!
You are too injured to fight recklessly!
You are too injured to fight recklessly!
You are too injured to fight recklessly!
Evoke which item? (* to show all) (? for menu, Esc to quit)
Aiming: Corrosive Bolt
Press: ? - help, Shift-Dir - straight line, f - two-headed ogre
Aim: a two-headed ogre, wielding two giant clubs (moderately wounded, poisoned)
The bolt of acid hits the two-headed ogre.
The two-headed ogre is splashed with acid.
The acid corrodes the two-headed ogre!
The two-headed ogre is heavily wounded.
The two-headed ogre hits you with a giant club!!
You die...
Your body crumbles into a pile of gold.

#.....+..#....#'###.....#...#
#.....##+#)...#...'.....#....
#.............#...#.....#....
#.............#..#####'##....
###+##........#+#####...#....
#........#....#....#....
#........#....#....#....
#........#....#...)').).
#......@.'....'....#....
#####...O########..#....
#...........#..#....
#...........#..#....
#...........#..#....
#...........#..#....
#...........#..#....
#..$........#..#
#...........#


You could see a two-headed ogre.

Vanquished Creatures
  A two-headed ogre (D:8)
  The ghost of Vesto the Skirmisher, a novice GrFi of Okawaru (D:6)
  A hippogriff (D:8)
  The ghost of Manul the Poker, an amateur DrMo (D:3)
  Duvessa (D:7)
  A sky beast (D:8)
  A phantom (D:6)
  An ice beast (D:5)
  An orc warrior (D:7)
  3 ogres
  A bullfrog (D:6)
  Dowan (D:7)
  4 scorpions
  5 wights (D:8)
  3 crimson imps
  A bullfrog zombie (D:7)
  3 hounds
  6 orc priests
  6 orc wizards
  An iguana (D:7)
  Natasha (thrice) (D:2)
  2 worker ants (D:4)
  A hound zombie (D:8)
  A hound skeleton (D:5)
  2 worker ant zombies
  9 adders
  3 oozes
  An adder skeleton (D:5)
  2 worms
  3 dart slugs
  4 leopard geckos
  25 orcs
  2 bats (D:1)
  14 giant cockroaches
  9 hobgoblins
  10 jackals
  4 quokkas
  2 ball pythons
  7 frilled lizards
  6 goblins
  A jackal skeleton (D:5)
  A jackal zombie (D:7)
  3 kobolds
  A leopard gecko zombie (D:8)
  9 rats
168 creatures vanquished.

Notes
Turn   | Place    | Note
-------+----------+-------------------------------------------
     0 | D:1      | Manul the Vine Stalker Assassin began the quest for the Orb.
     0 | D:1      | Reached XP level 1. HP: 11/11 MP: 2/2
    36 | D:1      | Reached skill level 5 in Stealth
   241 | D:1      | Reached XP level 2. HP: 9/15 MP: 0/3
   468 | D:1      | Reached XP level 3. HP: 13/18 MP: 4/4
  1027 | D:2      | Reached skill level 6 in Stealth
  1153 | D:2      | Gained mutation: Your natural rate of healing is unusually fast. [Vine Stalker growth]
  1153 | D:2      | Reached XP level 4. HP: 17/23 MP: 5/5
  1331 | D:2      | Reached skill level 1 in Dodging
  1477 | D:2      | Noticed Natasha
  1493 | D:2      | Killed Natasha
  1619 | D:2      | Noticed Natasha
  1628 | D:2      | Killed Natasha
  1628 | D:2      | Reached XP level 5. HP: 22/26 MP: 6/6
  1838 | D:2      | Reached skill level 7 in Stealth
  1867 | D:2      | Noticed Natasha
  1880 | D:2      | Killed Natasha
  2255 | D:3      | Reached XP level 6. HP: 32/32 MP: 5/7
  2324 | D:4      | HP: 1/48 [hound (3)]
  2918 | D:3      | Noticed Manul's ghost (amateur DrMo)
  3183 | D:3      | Reached XP level 7. HP: 11/35 MP: 3/8
  3465 | D:4      | Reached skill level 8 in Stealth
  3845 | D:5      | Entered Level 5 of the Dungeon
  4164 | D:5      | Reached skill level 1 in Armour
  4164 | D:5      | Reached skill level 9 in Stealth
  4442 | D:5      | Gained mutation: You have razor-sharp teeth. [Vine Stalker growth]
  4442 | D:5      | Reached XP level 8. HP: 40/40 MP: 9/9
  4638 | D:5      | Got a jet-encrusted ring mail
  4649 | D:5      | Identified the +2 ring mail of Araon {rPois rCorr Str+2 Int-4} (You found it on level 5 of the Dungeon)
  4672 | D:6      | Noticed Vesto's ghost (novice GrFi)
  4714 | D:6      | Killed Vesto's ghost
  4714 | D:6      | Reached skill level 11 in Stealth
  5102 | D:6      | Reached XP level 9. HP: 17/44 MP: 3/10
  5165 | D:7      | Noticed Duvessa
  5165 | D:7      | Noticed Dowan
  5686 | D:7      | Killed Dowan
  5686 | D:7      | Reached skill level 12 in Stealth
  6120 | D:7      | Found a staircase to the Ecumenical Temple.
  6242 | Temple   | Entered the Ecumenical Temple
  6291 | Temple   | Became a worshipper of Gozag Ym Sagoz the Greedy
  6327 | D:7      | Killed Duvessa
  6477 | D:7      | Found a hazy altar of Hepliaklqana.
  6703 | D:3      | Killed Manul's ghost
  6991 | D:8      | Reached skill level 5 in Short Blades
  6991 | D:8      | Reached skill level 1 in Evocations
  7022 | D:8      | Noticed a two-headed ogre
  7036 | D:8      | HP: 1/45 [two-headed ogre/giant club (10)]
  7068 | D:8      | Killed a two-headed ogre
  7187 | D:8      | Reached XP level 10. HP: 50/50 MP: 12/12
  7327 | D:8      | Noticed mora's ghost (novice GnSk)
  7575 | D:8      | Noticed a two-headed ogre
  7584 | D:8      | Slain by a two-headed ogre

Vault maps used:
D:1:      lightli_arrival_noodles
D:2:      uniq_natasha
D:3:      first_ration, hex_medium
D:4:      wad_crossroads
D:7:      temple_doors_e, lemuel_statue_altar, uniq_duvessa
D:8:      lemuel_doored_altar
Temple:   compressed_dpeg_triangle_lava_temple

Skill      XL: |  1  2  3  4  5  6  7  8  9 |
---------------+----------------------------+-----
Stealth        | 5 6 7 9 11 12 | 12.8
Short Blades   | 2 3 4 5 |  5.5
Fighting       | 2 3 4 |  4.4
Dodging        | 1 2 3 |  3.6
Armour         | 1 2 4 |  4.6
Evocations     | 1 |  1.7
Maces & Flails | |  0.1
Throwing       | |  1.8

Action                   |  1- 3 |  4- 6 |  7- 9 | 10-12 || total
-------------------------+-------+-------+-------+-------++-------
Melee: Dagger            |    80 |   179 |   261 |    65 ||   585
       Bite              |    23 |    68 |    95 |    33 ||   219
       Mace              |       |    21 |    18 |       ||    39
 Fire: Blowgun           |       |     9 |    20 |       ||    29
 Abil: Evoke Berserk Rag |       |     1 |     4 |       ||     5
Evoke: Wand              |       |       |       |     1 ||     1
  Use: Potion            |       |     2 |     4 |       ||     6
       Scroll            |       |     2 |     3 |       ||     5
 Stab: Sleeping          |     4 |     9 |    26 |     1 ||    40
       Invisible         |       |       |     5 |       ||     5
       Distracted        |       |       |     2 |     1 ||     3
  Eat: Chunk             |     1 |     7 |     5 |       ||    13
       Ration            |       |       |     3 |     1 ||     4
Armor: Robe              |    19 |    34 |       |       ||    53
       Leather armour    |       |     6 |    15 |       ||    21
       Ring mail         |       |       |    62 |    10 ||    72
Dodge: Dodged            |    47 |   121 |   142 |    25 ||   335

Table legend:
 A = Spawn XP
 B = Non-spawn XP
 C = Spawn XP percentage of total XP
 D = Spawn monster count
 E = Non-spawn monster count
 F = Spawn count percentage of total count
 G = Total turns spent on level
                    A         B        C        D         E        F      G
               +---------+---------+-------+---------+---------+-------+---------
         Total |       0 |    5283 |   0.0 |       0 |     168 |   0.0 |  7584
               +---------+---------+-------+---------+---------+-------+---------
           D:1 |       0 |      46 |   0.0 |       0 |      24 |   0.0 |  1179
           D:2 |       0 |     236 |   0.0 |       0 |      27 |   0.0 |   993
           D:3 |       0 |     373 |   0.0 |       0 |      34 |   0.0 |   842
           D:4 |       0 |     402 |   0.0 |       0 |      16 |   0.0 |  1066
           D:5 |       0 |     345 |   0.0 |       0 |      20 |   0.0 |   850
           D:6 |       0 |    1345 |   0.0 |       0 |      14 |   0.0 |   864
           D:7 |       0 |     729 |   0.0 |       0 |      15 |   0.0 |  1201
           D:8 |       0 |    1807 |   0.0 |       0 |      18 |   0.0 |   526
               +---------+---------+-------+---------+---------+-------+---------
